 Dungeon Crawl Stone Soup version 0.30-a0-292-g0f741e3f8e (webtiles) character file.

Game seed: 11588168000465982409

67164 funkygono the Warrior (level 14, 0/146 HPs)
             Began as a Minotaur Fighter on Oct 17, 2022.
             Was a High Priest of the Shining One.
             Killed by divine providence
             ... invoked by an orc priest
              (10 damage)
             ... on level 2 of the Orcish Mines.
             The game lasted 00:47:02 (21735 turns).

funkygono the Warrior (Minotaur Fighter)           Turns: 21735, Time: 00:47:02

Health: 0/146      AC: 34    Str: 25    XL:     14   Next: 81%
Magic:  24/24      EV:  8    Int: 10    God:    the Shining One [*****.]
Gold:   1768       SH: 14    Dex: 11    Spells: 13/13 levels left

rFire   . . .      SeeInvis .    s - +5 double sword (flame)
rCold   . . .      Faith    .    c - +0 buckler
rNeg    + + .      Spirit   .    G - +1 crystal plate armour
rPois   .          Reflect  +    B - +3 hat of Pondering {ponderous, Will+ MP+10 Int+5}
rElec   .          Harm     .    (no cloak)
rCorr   +          Rampage  .    r - +1 pair of gloves
Will    ++...                    m - +1 pair of boots
Stlth   ..........               F - amulet of reflection
HPRegen 0.44/turn                P - ring of the Octopus King {Wiz HP+2 AC+2 EV+2 SH+2}
MPRegen 0.19/turn                E - ring of resist corrosion

@: glowing, slow
A: horns 2, retaliatory headbutt
a: Renounce Religion, Divine Shield, Cleansing Flame, Summon Divine Warrior


You were on level 2 of the Orcish Mines.
You worshipped the Shining One.
The Shining One was extremely pleased with you.
You visited 4 branches of the dungeon, and saw 19 of its levels.
You also visited: Ossuary, Bailey and Gauntlet.

You collected 2117 gold pieces.
You spent 349 gold pieces at shops.

Inventory:

Hand Weapons
 f - a +3 long sword of freezing
 s - a +5 double sword of flaming (weapon)
 K - the +1 falchion "Muiph" {venom, rElec Int-2 Dex+4}
   (You took it off an orc priest on level 8 of the Dungeon)

   It poisons the flesh of those it strikes.
   Int:       It affects your intelligence (-2).
   Dex:       It affects your dexterity (+4).
   rElec:     It insulates you from electricity.
Missiles
 h - 209 stones
 k - 26 poisoned darts
 l - 27 javelins (quivered)
 N - 2 curare-tipped darts
Armour
 c - a +0 buckler (worn)
 m - a +1 pair of boots (worn)
 r - a +1 pair of gloves (worn)
 B - the +3 hat of Pondering (worn) {ponderous, Will+ MP+10 Int+5}
   (You took it off Gastronok on level 3 of the Lair of Beasts)

   Int:       It affects your intelligence (+5).
   MP:        It affects your magic capacity (+10).
   Will:      It increases your willpower.
 G - a +1 crystal plate armour (worn)
Jewellery
 b - a ring of willpower
 e - a ring of flight
 E - a ring of resist corrosion (right hand)
 F - an amulet of reflection (around neck)
 M - an amulet of guardian spirit
 P - a ring of the Octopus King (left hand) {Wiz HP+2 AC+2 EV+2 SH+2}
   (You found it in a Gauntlet)

   [ring of wizardry]

   It improves your spell success rate.
   AC:        It affects your AC (+2).
   EV:        It affects your evasion (+2).
   HP:        It affects your health (+2).
   SH:        It affects your SH (+2).
Wands
 a - a wand of light (2)
 w - a wand of roots (15)
 y - a wand of mindburst (3)
Scrolls
 i - a scroll of brand weapon
 q - 7 scrolls of identify
 t - 2 scrolls of blinking
 H - 2 scrolls of fear
 I - 3 scrolls of magic mapping
 L - 4 scrolls of teleportation
Potions
 d - 6 potions of might
 j - 7 potions of mutation
 p - 4 potions of resistance
 u - 5 potions of flight
 z - 6 potions of heal wounds
 A - 8 potions of curing
 C - a potion of cancellation
 D - 3 potions of ambrosia
 Y - a potion of berserk rage


   Skills:
 + Level 18.4 Fighting
 + Level 17.9 Long Blades
 + Level 6.2 Throwing
 + Level 14.5 Armour
 + Level 3.2 Dodging
 + Level 0.4 Stealth
 + Level 14.3 Shields
 + Level 0.5 Unarmed Combat
 + Level 2.1 Invocations
 + Level 2.1 Evocations


You had 13 spell levels left.
You didn't know any spells.
Your spell library contained the following spells:

 Spells                   Type           Power      Damage    Failure   Level
 Apportation              Tloc           0%         N/A       99%         1
 Ensorcelled Hibernation  Hex/Ice        0%         N/A       99%         2
 Call Canine Familiar     Summ           0%         N/A       100%        3
 Gell's Gravitas          Tloc           0%         N/A       100%        3
 Kindle Blastsparks       Fire/Tloc/Air  0%         2d10      100%        3
 Lesser Beckoning         Tloc           0%         N/A       100%        3
 Ozocubu's Armour         Ice            0%         N/A       100%        3
 Portal Projectile        Hex/Tloc       0%         N/A       100%        3
 Spider Form              Tmut/Pois      0%         N/A       100%        3
 Teleport Other           Tloc           0%         N/A       100%        3
 Airstrike                Air            0%         2d(0-16)  100%        4
 Anguish                  Hex/Necr       0%         N/A       100%        4
 Fulminant Prism          Conj/Hex       0%         3d6       100%        4
 Iskenderun's Mystic Bla  Conj/Tloc      0%         2d3       100%        4
 Leda's Liquefaction      Hex/Erth       0%         N/A       100%        4
 Summon Lightning Spire   Summ/Air       0%         N/A       100%        4
 Alistair's Intoxication  Tmut/Pois      0%         N/A       100%        5
 Lee's Rapid Deconstruct  Erth           0%         3d4*      100%        5
 Lightning Bolt           Conj/Air       0%         1d11      100%        5
 Ozocubu's Refrigeration  Ice            0%         4d7       100%        7


Dungeon Overview and Level Annotations

Branches:
Dungeon (11/15)            Temple (1/1) D:6            Lair (5/5) D:10
  Swamp (0/4) Lair:2        Snake (0/4) Lair:2        Slime (0/5) Lair:4
    Orc (2/2) D:10        Ossuary (visited)          Bailey (visited)
Gauntlet (visited)
    Elf: Orc:2

Altars:
Ashenzari
Cheibriados
Dithmenos
Elyvilon
Fedhas
Gozag
Hepliaklqana
Kikubaaqudgha
Makhleb
Nemelex Xobeh
Okawaru
Qazlal
Ru
Sif Muna
Trog
Uskayaw
Vehumet
Wu Jian
Xom
Yredelemnul
Zin
The Shining One
Jiyva
Lugonu

Shops:
D:4 [   D:8 :   D:11 *[*   Orc:1 :

Portals:
Abyss: Orc:1 Lair:5

Annotations:
Orc:1 2 transporters, kthxbai's ghost, journeyman VSIE
Orc:2 Nessos


Innate Abilities, Weirdness & Mutations

You have a pair of horns on your head.
You reflexively headbutt those who attack you in melee.


Message History

You kill the orc warrior!
You slash the orc warrior! You burn the orc warrior.
Your headbutt misses the orc warrior.
The orc warrior is moderately wounded.
You block the orc warrior's attack. You block the orc's attack.
You slash the orc warrior! You burn the orc warrior.
The orc warrior is almost dead.
The orc priest mumbles some strange prayers to Beogh against you.
Beogh smites you!
* * * LOW HITPOINT WARNING * * *
You block the orc warrior's attack. You block the orc's attack.
You hear a shout! x2
You slash the orc warrior! You burn the orc warrior.
You kill the orc warrior!
The orc priest calls down the wrath of Beogh upon you.
Beogh smites you!
* * * LOW HITPOINT WARNING * * *
You block the orc warrior's attack. You block the orc's attack.
The orc hits you but does no damage.
You hear a shout!
You hit the orc warrior. You burn the orc warrior.
Your headbutt misses the orc warrior.
The orc warrior is moderately wounded.
Your surroundings suddenly seem different.
An orc comes into view. It is wielding a +1 vorpal flail.
There are monsters nearby!
The orc priest invokes the aid of Beogh against you.
Beogh smites you!
* * * LOW HITPOINT WARNING * * *
An orc comes into view. It is wielding a +0 dagger.
An orc warrior, an orc and Nessos come into view.
Nessos is carrying a wand of light (6).
The orc warrior shouts!
Nessos shouts!
You hear a shout!
You block the orc's attack.
Nessos gestures wildly while chanting.
Nessos seems to speed up.
An orc warrior comes into view. It is wielding a +0 trident.
The orc priest invokes the aid of Beogh against you.
Beogh smites you!
You die...

#..# #..........
#####..######.o........
.....†...............
.......)).....co...#
#...#..[)######....#
#..#....)#####....#
......#.o)#.##..###
.......#o#oo.ooo####
.........#..#o..@#.##
.............#......#
.................#.##
..........#....##...# #
..#........#..####..#.##
..............###......#
..............#.....#.##
.......)).........#####
##.....)......#....##


You could see Nessos (fast), 3 orc warriors, an orc priest and 4 orcs.

Vanquished Creatures
  Gastronok (Lair:3)
  Kirke (Lair:4)
  A minotaur (Gauntlet)
  A hell beast (Gauntlet)
  Erica (D:9)
  3 hydras
  4 boulder beetles
  11 death yaks
  2 slime creatures (Gauntlet)
  3 two-headed ogres
  The ghost of Ucohosch the Destroyer, a journeyman DECj of Sif Muna (Lair:2)
  3 thrashing horrors (Lair:5)
  A fire crab (Lair:3)
  Amaemon (Lair:3)
  A sixfirhy (Gauntlet)
  6 orc knights
  2 oklob plants (Lair:4)
  An ugly thing (D:11)
  An orc sorcerer (Orc:1)
  4 black mambas
  9 cane toads
  3 smoke demons (Lair:5)
  3 torpor snails
  The ghost of ZodNigurash the Digger, a novice DrEE (D:5)
  An orange demon (Lair:3)
  2 rime drakes
  10 komodo dragons
  2 ancient zymes (Lair:5)
  3 trolls
  A hornet (D:11)
  A tarantella (shapeshifter) (Lair:5)
  18 blink frogs
  A spectral black mamba (Lair:2)
  A spectral dream sheep (Lair:2)
  8 dream sheep
  Sigmund (D:4)
  3 wraiths
  2 ynoxinuls (Lair:5)
  7 wyverns
  45 yaks
  3 large abominations (Lair:5)
  6 basilisks
  6 hogs (Lair:4)
  3 chaos spawn (Lair:5)
  2 steam dragons
  2 vampire mosquitoes (D:11)
  A spectral cane toad (Lair:2)
  8 wargs
  2 acid dragons
  A hydra simulacrum (Lair:2)
  24 water moccasins
  A hell hound (Gauntlet)
  28 orc warriors
  A black bear (D:6)
  4 ice beasts
  11 small abominations (Lair:5)
  5 ogres
  6 wolves (Lair:1)
  16 centaurs
  2 phantoms
  3 kobold brigands
  8 bullfrogs
  2 necrophages (D:5)
  A scorpion (D:6)
  A wight (D:9)
  25 killer bees
  2 howler monkeys
  4 electric eels (Lair:2)
  A centaur zombie (Ossuary)
  6 hounds
  4 jellies
  14 orc priests
  3 iguanas
  18 orc wizards
  11 hell rats
  4 mummies (Ossuary)
  8 gnolls (D:5)
  4 adders
  12 river rats
  A shadow imp (D:6)
  2 white imps
  7 ufetubi
  2 dart slugs
  84 orcs
  8 ball pythons
  8 endoplasms
  2 giant cockroaches
  A gnoll zombie (Ossuary)
  7 hobgoblins
  9 jackals
  11 quokkas
  3 bats
  2 frilled lizards (D:3)
  8 goblins
  A hobgoblin zombie (Ossuary)
  13 kobolds
  2 kobold zombies (Ossuary)
  3 orc zombies (Ossuary)
  21 rats
  A spectral goblin (D:2)
630 creatures vanquished.

Vanquished Creatures (others)
  A spectral hydra (Lair:2)
  A water moccasin (Lair:3)
  An orc wizard (D:9)
  14 demonic plants (Gauntlet)
  30 fungi
  43 plants
90 creatures vanquished.

Grand Total: 720 creatures vanquished

Notes
Turn   | Place    | Note
-------+----------+-------------------------------------------
     0 | D:1      | funkygono the Minotaur Fighter began the quest for the Orb.
     0 | D:1      | Reached XP level 1. HP: 19/19 MP: 0/0
   193 | D:1      | Reached XP level 2. HP: 23/27 MP: 1/1
   736 | D:2      | Reached skill level 4 in Fighting
   813 | D:2      | Reached XP level 3. HP: 33/33 MP: 2/2
   941 | D:2      | Reached skill level 1 in Dodging
  1047 | D:2      | Found a faded altar of an unknown god.
  2072 | D:4      | Noticed a phantom
  2073 | D:4      | Found a hide-covered altar of Uskayaw.
  2086 | D:4      | Killed a phantom
  2087 | D:4      | Reached XP level 4. HP: 36/41 MP: 3/3
  2087 | D:4      | Reached XP level 5. HP: 41/47 MP: 4/4
  2133 | D:4      | Noticed Sigmund
  2163 | D:4      | Killed Sigmund
  2164 | D:4      | Reached skill level 5 in Long Blades
  2164 | D:4      | Reached skill level 1 in Throwing
  2164 | D:4      | Reached skill level 5 in Armour
  2164 | D:4      | Reached XP level 6. HP: 33/53 MP: 5/5
  2237 | D:4      | Found Eppeczec's Antique Armour Emporium.
  2243 | D:4      | Bought a pair of gloves for 99 gold pieces
  2851 | D:4      | Bought a glowing chain mail for 165 gold pieces
  2868 | D:5      | Entered Level 5 of the Dungeon
  2876 | D:5      | Reached skill level 5 in Fighting
  2900 | D:5      | Reached XP level 7. HP: 30/61 MP: 6/6
  3112 | D:5      | Noticed ZodNigurash's ghost (novice DrEE)
  3114 | D:5      | Found a transporter.
  3120 | D:5      | Found a transporter.
  3887 | D:5      | Reached skill level 5 in Shields
  4231 | D:5      | Reached XP level 8. HP: 70/70 MP: 7/7
  4238 | D:5      | Reached skill level 6 in Fighting
  4458 | D:6      | Found a bloodstained altar of Trog.
  4498 | D:6      | Found a radiant altar of Vehumet.
  4537 | D:6      | Found a sand-covered staircase.
  4546 | Ossuary  | Entered an ossuary
  4982 | D:6      | Found a staircase to the Ecumenical Temple.
  5281 | D:6      | Found a shadowy altar of Dithmenos.
  5381 | D:6      | Reached skill level 7 in Fighting
  5381 | D:6      | Reached XP level 9. HP: 75/79 MP: 8/8
  5453 | Temple   | Entered the Ecumenical Temple
  5475 | Temple   | Became a worshipper of the Shining One
  5487 | D:6      | Identified a scroll of acquirement
  5487 | D:6      | Acquired a +2 double sword of flaming
  5857 | D:7      | Found a flagged portal.
  5907 | Bailey   | Entered a bailey
  6383 | Bailey   | Found the +8 frozen axe "Frostbite" {freezing cloud, *Noise
                  | Fly rC+}
  6392 | Bailey   | Reached skill level 10 in Long Blades
  6431 | Bailey   | Reached skill level 8 in Fighting
  6666 | Bailey   | Reached XP level 10. HP: 69/88 MP: 9/9
  6766 | Bailey   | Identified the +7 executioner's axe of Currency {freeze,
                  | *Rage Str+3 Int+3 Dex+8}
  7154 | D:7      | Found a sparkling altar of Nemelex Xobeh.
  7625 | D:7      | Found a hazy altar of Hepliaklqana.
  7628 | D:7      | Acquired a manual of Fighting
  7688 | D:8      | Reached * piety under the Shining One
  7799 | D:8      | Found Faskocw's Book Shop.
  7897 | D:8      | Reached skill level 9 in Fighting
  7901 | D:8      | Noticed a boulder beetle
  7903 | D:8      | Identified the +1 falchion "Muiph" {venom, rElec Int-2
                  | Dex+4}
  8090 | D:7      | Killed a boulder beetle
  8091 | D:7      | Reached skill level 10 in Armour
  8301 | D:8      | Found a shimmering blue altar of Sif Muna.
  8370 | D:8      | Noticed a two-headed ogre
  8380 | D:8      | Killed a two-headed ogre
  8381 | D:8      | Reached skill level 10 in Fighting
  8474 | D:8      | Found a burning altar of Makhleb.
  8826 | D:9      | Reached XP level 11. HP: 87/100 MP: 10/10
  8907 | D:9      | Noticed a two-headed ogre
  8932 | D:9      | Killed a two-headed ogre
  9135 | D:9      | Noticed Erica
  9158 | D:9      | Killed Erica
  9414 | D:9      | Found an ancient bone altar of Kikubaaqudgha.
  9415 | D:9      | Found a sacrificial altar of Ru.
  9530 | D:9      | Found an iron altar of Okawaru.
  9723 | D:10     | Entered Level 10 of the Dungeon
  9724 | D:10     | Reached ** piety under the Shining One
  9747 | D:10     | Reached skill level 11 in Fighting
  9983 | D:10     | Found a staircase to the Lair.
 10000 | D:10     | Found an opulent altar of Gozag.
 10125 | D:10     | Found a stormy altar of Qazlal.
 10125 | D:10     | Found a shimmering altar of Xom.
 10126 | D:10     | Found a snail-covered altar of Cheibriados.
 10138 | D:10     | Noticed a two-headed ogre
 10145 | D:10     | Killed a two-headed ogre
 10208 | D:10     | Reached skill level 10 in Shields
 10258 | D:10     | Found a staircase to the Orcish Mines.
 10695 | D:11     | Found Itholo's Assorted Antiques.
 10706 | D:11     | Found Karo's Armour Shop.
 10773 | D:11     | Found Negaups's General Store.
 10782 | D:11     | Bought a potion of heal wounds for 85 gold pieces
 11133 | D:11     | Noticed a cyan ugly thing
 11141 | D:11     | Killed a cyan ugly thing
 11620 | Lair:1   | Entered Level 1 of the Lair of Beasts
 11698 | Lair:1   | Reached skill level 12 in Fighting
 11770 | Lair:1   | Reached XP level 12. HP: 83/112 MP: 11/11
 12047 | Lair:1   | Found a shimmering altar of Xom.
 12830 | Lair:2   | Reached skill level 15 in Long Blades
 12871 | Lair:2   | Found a runed translucent gate.
 13096 | Lair:2   | Reached skill level 13 in Fighting
 13287 | Lair:2   | Found a runed translucent gate.
 13288 | Lair:2   | Found a runed translucent gate.
 13292 | Lair:2   | Noticed Ucohosch's ghost (journeyman DECj)
 13390 | Lair:2   | Noticed a death yak
 13391 | Lair:2   | Noticed a death yak
 13395 | Lair:2   | Noticed a death yak
 13414 | Lair:2   | Killed a death yak
 13422 | Lair:2   | Killed a death yak
 13424 | Lair:2   | Killed a death yak
 13425 | Lair:2   | Reached skill level 1 in Evocations
 13622 | Lair:2   | Found a staircase to the Snake Pit.
 13712 | Lair:2   | Found a staircase to the Swamp.
 14293 | D:5      | Killed ZodNigurash's ghost
 14293 | D:5      | Reached *** piety under the Shining One
 14511 | Lair:2   | Killed Ucohosch's ghost
 14856 | Lair:3   | Noticed Gastronok
 14877 | Lair:3   | Killed Gastronok
 14878 | Lair:3   | Reached skill level 14 in Fighting
 14878 | Lair:3   | Reached XP level 13. HP: 124/124 MP: 12/12
 15222 | Lair:3   | Reached skill level 5 in Throwing
 15297 | Lair:3   | Reached skill level 15 in Fighting
 15613 | Lair:3   | Noticed Amaemon
 15645 | Lair:3   | Killed Amaemon
 16256 | Lair:3   | Reached **** piety under the Shining One
 16658 | Lair:4   | Noticed Kirke
 16673 | Lair:4   | Reached skill level 16 in Fighting
 16689 | Lair:4   | Killed Kirke
 17732 | Lair:4   | Found a viscous altar of Jiyva.
 17734 | Lair:4   | Found a staircase to the Slime Pits.
 17879 | Lair:5   | Entered Level 5 of the Lair of Beasts
 17912 | Lair:5   | Reached skill level 17 in Fighting
 18082 | Lair:5   | Reached XP level 14. HP: 122/140 MP: 13/13
 18183 | Lair:5   | Found a gate leading to a gauntlet.
 18308 | Gauntlet | Entered a Gauntlet
 18308 | Gauntlet | Found a transporter.
 18308 | Gauntlet | Found a transporter.
 18309 | Gauntlet | Found a transporter.
 18309 | Gauntlet | Found a transporter.
 18312 | Gauntlet | Found a transporter.
 18312 | Gauntlet | Found a transporter.
 18322 | Gauntlet | Found a transporter.
 18326 | Gauntlet | Found a transporter.
 18338 | Gauntlet | Found a transporter.
 18445 | Gauntlet | Found a transporter.
 18445 | Gauntlet | Found a transporter.
 18455 | Gauntlet | Found a transporter.
 18455 | Gauntlet | Found the ring of the Octopus King
 19006 | Gauntlet | Identified a ring of the Octopus King {Wiz HP+2 AC+2 EV+2
                  | SH+2}
 19088 | Gauntlet | Identified the +5 falchion of Youthful Indiscretion {drain,
                  | Drain +Blink rC+++ Dex-2}
 19148 | Gauntlet | Identified the +2 troll leather armour "Rolem" {Regen+
                  | rCorr}
 19148 | Gauntlet | Identified the +1 trident "Azeotud" {flame, rPois rN+}
 19282 | Lair:5   | Reached ***** piety under the Shining One
 19666 | Lair:5   | Reached skill level 1 in Invocations
 19827 | Lair:5   | Reached skill level 18 in Fighting
 20040 | Lair:5   | Found a corrupted altar of Lugonu.
 20044 | Lair:5   | Found a one-way gate to the infinite horrors of the Abyss.
 20819 | Orc:1    | Entered Level 1 of the Orcish Mines
 20826 | Orc:1    | Found a transporter.
 20900 | Orc:1    | Noticed an orc warlord
 20907 | Orc:1    | Found a transporter.
 21156 | Orc:1    | Noticed a cyan very ugly thing
 21166 | Orc:1    | Noticed kthxbai's ghost (journeyman VSIE)
 21236 | Orc:1    | Found Hoatues's Book Shoppe.
 21420 | Orc:2    | Entered Level 2 of the Orcish Mines
 21735 | Orc:2    | Noticed Nessos
 21735 | Orc:2    | Killed from afar by an orc priest

Illustrated notes

Levels and vault maps discovered:
D:1:      minmay_arrival_stair_chambers, layout_loops_ring
D:2:      layout_rooms, dreamdust_ecumenical_altar_drowned_temple
D:3:      layout_loops_cross, chequers_serial_rivers_small_b
D:4:      wad_crossroads, layout_loops_ring, nicolae_uskayaw_suspiria,
          serial_shops, nicolae_shop_overgrown_old_shop, uniq_sigmund
D:5:      layout_loops_ring, gammafunk_ghost_arena, kennysheep_generic_room_7
D:6:      layout_loops_ring, grunt_dithmenos_shadows, vehumet_crystals,
          lemuel_crystal_altar, minmay_temple_entry_antechambers,
          nicolae_ossuary_entry_monument
D:7:      layout_basic, nemelex_altar_shiori, general_overflow_altar,
          enter_bailey_4
D:8:      layout_loops_cross, bloody_makhleb, old_standard_altar, serial_shops,
          kennysheep_mini, minmay_crystal_water
D:9:      layout_rooms, okawaru_gym_becter, jmf_multi_god_temple,
          chequers_serial_rivers_micro_e, uniq_erica
D:10:     layout_rooms, gammafunk_temple_overflow_claw,
          nicolae_gozag_cash_rules_everything_around_me, dpeg_oklobed_lair,
          minmay_orc_entry_guard_dogs
D:11:     layout_irregular_city, serial_shops, shop, nicolae_square_shop, shop
Temple:   hellmonk_temple_two_chambers
Lair:1:   layout_cave_pods, basic_altar, pond
Lair:2:   layout_gridlike, swamp_mist, minmay_snake_entry_six_corridors,
          gammafunk_ghost_necromancy, disabler_island
Lair:3:   lemuel_ratsnest, layout_chaotic_city, uniq_amaemon, uniq_gastronok
Lair:4:   layout_loops_ring, minmay_slime_entry_oklob_enclosed, uniq_kirke
Lair:5:   hellmonk_lair_end_abyssal_woods, layout_regular_city,
          gauntlet_entry_generic
Orc:1:    layout_diamond_mine, serial_shops, nicolae_shop_behind_doors,
          basic_altar, gammafunk_ghost_abyssal_escape
Orc:2:    st_orc_town, layout_caves, uniq_urug, uniq_nessos

Skill      XL: |  1  2  3  4  5  6  7  8  9 10 11 12 13 14 |
---------------+-------------------------------------------+-----
Armour         | 4 5 6 7 8 9 10 11 12 13 14 | 14.5
Fighting       | 4 5 7 8 10 12 14 17 18 | 18.4
Dodging        | 1 2 3 |  3.2
Long Blades    | 4 5 6 8 10 12 14 16 17 | 17.9
Shields        | 4 5 7 9 10 11 13 14 | 14.3
Throwing       | 1 2 4 5 6 |  6.2
Evocations     | 1 2 |  2.1
Invocations    | 2 |  2.1
Stealth        | |  0.4
Unarmed Combat | |  0.5

Action                   |  1- 3 |  4- 6 |  7- 9 | 10-12 | 13-15 || total
-------------------------+-------+-------+-------+-------+-------++-------
Melee: Long sword        |   111 |    70 |   242 |       |       ||   423
       Headbutt          |    13 |     3 |    80 |   166 |   193 ||   455
       Double sword      |       |       |   131 |   361 |   687 ||  1179
       Falchion          |       |       |       |   197 |    26 ||   223
       Unarmed           |       |       |       |       |     6 ||     6
Throw: Dart              |     6 |       |       |       |       ||     6
       Stone             |     4 |       |       |       |       ||     4
       Javelin           |    10 |       |       |    63 |    55 ||   128
Invok: Divine Shield     |       |       |       |       |    17 ||    17
       Cleansing Flame   |       |       |       |       |     1 ||     1
Evoke: Wand              |       |       |       |     8 |    13 ||    21
  Use: Scroll            |     6 |       |    13 |     8 |     6 ||    33
       Potion            |       |     1 |       |       |     2 ||     3
Armor: Scale mail        |    54 |       |       |       |       ||    54
       Chain mail        |     8 |    46 |    23 |       |       ||    77
       Plate armour      |       |       |   294 |     2 |       ||   296
       Crystal plate arm |       |       |       |   337 |   339 ||   676
Dodge: Dodged            |    56 |    24 |   171 |   117 |   142 ||   510
Block: Buckler           |    25 |    19 |   190 |   293 |   512 ||  1039
       Reflection        |       |       |     1 |     9 |     3 ||    13
       Other             |       |       |       |       |     1 ||     1

Table legend: (Time is in decaauts)
 A = Elapsed time spent in this place.
 B = Non-inter-level travel time spent in this place.
 C = Inter-level travel time spent in this place.
 D = Time resting spent in this place.
 E = Time spent auto-exploring this place.
 F = Levels seen in this place.
 G = Mean time per level.
                   A        B        C        D        E       F      G
               +--------+--------+--------+--------+--------+-----+--------+
         Total |  21759 |  20738 |   1021 |    454 |  15105 |  22 |  989.0 |
       Dungeon |  10662 |   9878 |    784 |    214 |   7451 |  11 |  969.3 |
        Temple |     31 |     22 |      9 |      0 |     11 |   1 |   31.0 |
          Lair |   7914 |   7687 |    227 |    212 |   5956 |   5 | 1582.8 |
  Orcish Mines |    917 |    917 |      0 |      0 |    603 |   2 |  458.5 |
       Ossuary |    342 |    342 |      0 |      0 |    208 |   1 |  342.0 |
        Bailey |   1004 |   1004 |      0 |     28 |    535 |   1 | 1004.0 |
      Gauntlet |    887 |    887 |      0 |      0 |    341 |   1 |  887.0 |
               +--------+--------+--------+--------+--------+-----+--------+

Top non-repeatable levels by time:
  Lair:5: 1983 daAuts
  Lair:3: 1747 daAuts
     D:5: 1633 daAuts
  Lair:2: 1626 daAuts
     D:7: 1416 daAuts
  Lair:4: 1389 daAuts
  Lair:1: 1166 daAuts
    D:10: 1048 daAuts
     D:9: 1030 daAuts
  Bailey: 1004 daAuts
     D:8: 943 daAuts
     D:4: 911 daAuts
     D:6: 889 daAuts
Gauntlet: 887 daAuts
    D:11: 784 daAuts
